 Dungeon Crawl Stone Soup version 0.31-a0-246-g8cbcc1cb85 (webtiles) character file.

Game seed: 9340451002434941116

95 qw the Shooter (level 4, -5/26 HPs)
             Began as a Gargoyle Hexslinger on July 12, 2023.
             Slain by Sigmund
             ... wielding a +0 scythe
              (8 damage)
             ... on level 2 of the Dungeon.
             The game lasted 00:00:30 (1295 turns).

qw the Shooter (Gargoyle Hexslinger)                Turns: 1295, Time: 00:00:31

Health: -5/26      AC:  6    Str: 11    XL:     4   Next: 65%
Magic:  5/5        EV: 12    Int: 14    God:
Gold:   82         SH:  0    Dex: 14    Spells: 4/5 levels left

rFire   . . .        Y - +1 sling
rCold   . . .        (no shield)
rNeg    + . .        c - +0 robe
rPois   inf          (no helmet)
rElec   +            (no cloak)
rCorr   .            d - +0 pair of gloves
SInv    .            (no boots)
Will    .....        (no amulet)
Stlth   +            (no ring)
HPRegen 0.24/turn    (no ring)
MPRegen 0.09/turn

%: no passive effects
@: no status effects
A: sickness immunity, AC +3, negative energy resistance 1, electricity
resistance, torment resistance 1, petrification resistance
a: no special abilities


You were on level 2 of the Dungeon.
You visited 1 branch of the dungeon, and saw 2 of its levels.

You collected 82 gold pieces.


Innate Abilities, Weirdness & Mutations

You are immune to sickness and miasma.
Your stone body is resilient. (AC +3)
You are immune to poison.
You resist negative energy. (rN+)
You are resistant to electric shocks. (rElec)
You are resistant to unholy torment.
You are immune to petrification.


   Skills:
 - Level 2.1 Fighting
 + Level 4.3 Ranged Weapons
 - Level 1.5 Dodging
 - Level 1.0 Spellcasting
 - Level 2.6 Hexes


You had 4 spell levels left.
You knew the following spells:

 Your Spells              Type           Power      Damage    Failure   Level
a - Slow                  Hex            32%        N/A       9%          1

Your spell library contained the following spells:

 Spells                   Type           Power      Damage    Failure   Level
 Inner Flame              Hex/Fire       4%         N/A       41%         3
 Portal Projectile        Hex/Tloc       8%         N/A       41%         3
 Cause Fear               Hex            4%         N/A       65%         4

Inventory:

Hand Weapons
 Y - a +1 sling (weapon)
Armour
 b - a +1 pair of gloves
 c - a +0 robe (worn)
 d - a +0 pair of gloves (worn)
 g - a +0 leather armour
 h - a +0 pair of boots
Potions
 a - a potion of attraction {unknown}
 e - 2 potions of enlightenment {unknown}
 f - a potion of lignification {unknown}
 i - a potion of degeneration {unknown}

Dungeon Overview and Level Annotations

Branches:
Dungeon (2/15)

Altars:

Annotations:
D:2 Sigmund


Message History

Sigmund mumbles some strange words.
Sigmund flickers and vanishes!
Deactivating autopickup; reactivate with Ctrl-A.
You shoot a sling bullet. You shoot a sling bullet. You shoot a sling bullet.
Something hits you but does no damage.
You shoot a sling bullet. You shoot a sling bullet.
You hear some strange, mumbled words.
Something tries to affect you, but you resist.
You shoot a sling bullet.
You hear some strange, mumbled words.
You are confused.
Something hits you but does no damage.
You shoot a sling bullet. The sling bullet hits you.
You shoot a sling bullet. Something hits you but does no damage.
You shoot a sling bullet. Something hits you.
You shoot a sling bullet. Something completely misses you.
You shoot a sling bullet.
You feel less confused. Something hits you.
You shoot a sling bullet. You shoot a sling bullet.
Something hits you but does no damage.
You shoot a sling bullet. Something hits you!
You shoot a sling bullet. Something hits you.
You shoot a sling bullet. Something hits you!
You shoot a sling bullet. You shoot a sling bullet.
Something hits you but does no damage.
You shoot a sling bullet. Something hits you!
You die...

.. ...%......... ..
#.##.......## #.
#.##...).).## #.
###.##.>...)... #.
#..........)%##
#.###............#
#.#............###
..#.##...####....#...###
.......@## ##.#.#......
.##.##)## #.#...#.... ..
.{. #####....#..... .
..... ................
....... ###.....#..##...
....... ........##.#..#+
....... ........##.#.##
....... ..##.....#...#
............##


There were no monsters in sight!

Vanquished Creatures
  Jessica (D:2)
  2 adders (D:2)
  A worm (D:2)
  2 dart slugs (D:1)
  3 orcs (D:2)
  4 ball pythons
  2 bats
  4 endoplasms
  4 giant cockroaches
  4 goblins (D:1)
  2 hobgoblins (D:1)
  3 kobolds
  2 quokkas (D:1)
  A frilled lizard (D:1)
  3 rats (D:1)
38 creatures vanquished.

Notes
Turn   | Place    | Note
-------+----------+-------------------------------------------
     0 | D:1      | qw the Gargoyle Hexslinger began the quest for the Orb.
     0 | D:1      | Reached XP level 1. HP: 12/12 MP: 2/2
     0 | D:1      | 0 ||| qw: Version: 0.3-a-52-g30416fa
     0 | D:1      | 0 ||| qw: Game counter: 6430
     0 | D:1      | 0 ||| qw: Melee chars always use a shield: true
     0 | D:1      | 0 ||| qw: God list: Okawaru
     0 | D:1      | 0 ||| qw: Allow faded altars: false
     0 | D:1      | 0 ||| qw: Do Orc after clearing Dungeon:15 true
     0 | D:1      | 0 ||| qw: Do second Lair branch before Depths: true
     0 | D:1      | 0 ||| qw: Lair rune preference: random
     0 | D:1      | 0 ||| qw: Goals: Normal
     0 | D:1      | 0 ||| PLANNING D:1-11
   185 | D:1      | Reached XP level 2. HP: 15/16 MP: 3/3
   401 | D:1      | Reached skill level 3 in Ranged Weapons
   588 | D:1      | Reached XP level 3. HP: 21/21 MP: 4/4
   955 | D:1      | 955 ||| UPGRADING to +0 pair of gloves.
   960 | D:1      | 960 ||| READING scroll labelled JOCWASTR GIEPPOTT.
   965 | D:1      | 965 ||| DROPPING scroll of poison.
  1053 | D:2      | Reached XP level 4. HP: 15/26 MP: 5/5
  1267 | D:2      | Noticed Jessica
  1273 | D:2      | Killed Jessica
  1274 | D:2      | Reached skill level 4 in Ranged Weapons
  1274 | D:2      | Noticed Sigmund
  1292 | D:2      | HP: 2/26 [something (7)]
  1295 | D:2      | Slain by Sigmund

Levels and vault maps discovered:
D:1:      lightli_arrival_quake, layout_loops_corners, minivault_19,
          minmay_cut_off
D:2:      layout_rooms, minmay_divided_ellipse, uniq_sigmund, uniq_jessica,
          uniq_terence

Skill      XL: |  1  2  3  4 |
---------------+-------------+-----
Ranged Weapons | 3 4 |  4.3
Fighting       | 2 |  2.1
Dodging        | |  1.5
Spellcasting   | |  1.0
Hexes          | |  2.6

Action                     |  1- 3 |  4- 6 || total
---------------------------+-------+-------++-------
   Fire: Sling             |    84 |    60 ||   144
    Use: Scroll            |     1 |       ||     1
 Armour: Robe              |    11 |    12 ||    23
  Dodge: Dodged            |    23 |    19 ||    42

Table legend:
 A = Non-vault XP
 B = Vault XP
 C = Vault XP percentage of total XP
 D = Non-vault monster count
 E = Vault monster count
 F = Vault count percentage of total count
                 A         B        C        D         E       F
            +---------+---------+-------+---------+---------+-------
      Total |      89 |      47 |  34.6 |      32 |       6 |  15.8
            +---------+---------+-------+---------+---------+-------
        D:1 |      38 |       6 |  13.6 |      19 |       3 |  13.6
        D:2 |      51 |      41 |  44.6 |      13 |       3 |  18.8
            +---------+---------+-------+---------+---------+-------
